[ AOE2 MATCH · #470464863 ]
UnrankedBohemians vs Ethiopians
[ REPLAY ANALYSIS · EXTRACTED FROM THE RECORDED GAME ]
Feudal
10:07
Castle
14:06
Imperial
33:52
| APM avg | 41.7 |
| APM peak | 87 |
| eAPM avg | 18.9 |
| Villagers / military | 178 / 151 |
Focus
⚔️ 31.4% · 🌾 68.6%
Spearman ×100 · Monk ×29 · Bombard Cannon ×17 · Mangonel ×3 · Battering Ram ×2
Feudal
11:49
Castle
15:44
Imperial
40:55
| APM avg | 20.3 |
| APM peak | 51 |
| eAPM avg | 13.2 |
| Villagers / military | 91 / 218 |
Focus
⚔️ 43.7% · 🌾 56.3%
Archer ×87 · Skirmisher ×67 · Shotel Warrior ×49 · Scorpion ×6 · Battering Ram ×6 · Mangonel ×3
Feudal
10:34
Castle
14:05
Imperial
35:37
| APM avg | 48.6 |
| APM peak | 89 |
| eAPM avg | 24.7 |
| Villagers / military | 155 / 156 |
Focus
⚔️ 27.9% · 🌾 72.1%
Unknown (2579) ×107 · Petard ×106 · Skirmisher ×43 · Trebuchet (Packed) ×5 · Mangonel ×2
Feudal
10:08
Castle
14:03
Imperial
33:36
| APM avg | 27.4 |
| APM peak | 61 |
| eAPM avg | 19.6 |
| Villagers / military | 169 / 230 |
Focus
⚔️ 46.9% · 🌾 53.1%
Scorpion ×150 · Battering Ram ×38 · Scout Cavalry ×26 · Monk ×7 · Trebuchet (Packed) ×6 · Mangonel ×3
Match map
Initial resources + every placement click. Lines = walls · curves = elevation contours. ◆ gold · ⬟ stone · ● berries · ✦ relic · ◌ wall gap
Your base· ✓ Closed at 14:06 · 0t walls · 2 gate(s)
Froztyfeet's base· ✓ Closed at 15:44 · 0t walls · 2 gate(s)
BLEP's base· ✓ Closed at 14:05 · 0t walls · 2 gate(s)
[ GG ] BetodoBrasil's base· ✓ Closed at 14:03 · 0t walls · 3 gate(s)
Smoothed initial terrain · ◌ = detected wall gap · hover for details
Inputs per minute
— Htznddl.stoneplease - - Froztyfeet
Build order — Htznddl.stoneplease
First 150 of 444 actions detected
| 0:00 | Create | Villager (Male) |
| 0:01 | Create | Villager (Male) |
| 0:01 | Create | Villager (Male) |
| 0:02 | Build | House |
| 0:04 | Build | House |
| 0:41 | Create | Villager (Male) |
| 1:38 | Create | Villager (Male) |
| 1:45 | Build | Lumber Camp |
| 2:01 | Create | Villager (Male) |
| 2:01 | Create | Villager (Male) |
| 2:04 | Create | Villager (Male) |
| 2:39 | Create | Villager (Male) |
| 3:22 | Create | Villager (Male) |
| 3:23 | Create | Villager (Male) |
| 3:29 | Build | House |
| 3:45 | Create | Villager (Male) |
| 3:45 | Create | Villager (Male) |
| 3:46 | Create | Villager (Male) |
| 4:07 | Build | Mill |
| 4:20 | Create | Villager (Male) |
| 4:20 | Create | Villager (Male) |
| 4:53 | Create | Villager (Male) |
| 4:53 | Create | Villager (Male) |
| 4:59 | Build | House |
| 5:26 | Create | Villager (Male) |
| 5:26 | Create | Villager (Male) |
| 6:28 | Create | Villager (Male) |
| 7:14 | Create | Villager (Male) |
| 7:49 | Research | Feudal Age |
| 8:27 | Build | Mining Camp |
| 8:38 | Build | House |
| 9:29 | Create | Villager (Male) |
| 9:30 | Create | Villager (Male) |
| 9:36 | Build | Farm |
| 9:54 | Build | Farm |
| 10:07 | Age | Feudal Age |
| 10:12 | Build | Market |
| 10:17 | Build | Blacksmith |
| 10:45 | Build | Farm |
| 10:47 | Build | Farm |
| 10:49 | Build | Farm |
| 11:26 | Research | Castle Age |
| 11:52 | Research | Double-Bit Axe |
| 12:30 | Research | Loom |
| 12:32 | Create | Villager (Male) |
| 12:33 | Create | Villager (Male) |
| 12:37 | Research | Horse Collar |
| 13:51 | Research | Wheelbarrow |
| 14:06 | Age | Castle Age |
| 14:10 | Build | Monastery |
| 14:13 | Create | Villager (Male) |
| 14:13 | Create | Villager (Male) |
| 14:26 | Build | Monastery |
| 14:49 | Build | Siege Workshop |
| 14:58 | Create | Monk |
| 14:58 | Create | Monk |
| 15:25 | Build | Town Center |
| 16:10 | Build | House |
| 16:11 | Build | House |
| 16:12 | Build | House |
| 16:26 | Create | Monk |
| 17:09 | Create | Villager (Male) |
| 17:09 | Create | Villager (Male) |
| 17:10 | Create | Villager (Male) |
| 17:10 | Create | Villager (Male) |
| 17:12 | Create | Battering Ram |
| 17:29 | Research | Fervor |
| 17:30 | Create | Monk |
| 17:30 | Create | Monk |
| 17:45 | Create | Villager (Male) |
| 17:46 | Create | Villager (Male) |
| 17:47 | Create | Villager (Male) |
| 17:47 | Create | Villager (Male) |
| 17:51 | Create | Battering Ram |
| 18:10 | Create | Villager (Male) |
| 18:10 | Create | Villager (Male) |
| 18:37 | Create | Villager (Male) |
| 18:37 | Create | Villager (Male) |
| 18:37 | Create | Villager (Male) |
| 18:47 | Build | Mining Camp |
| 19:02 | Research | Sanctity |
| 19:11 | Create | Mangonel |
| 20:08 | Create | Villager (Male) |
| 20:08 | Create | Villager (Male) |
| 20:08 | Create | Villager (Male) |
| 20:10 | Create | Villager (Male) |
| 20:14 | Build | Farm |
| 20:14 | Build | Farm |
| 20:14 | Build | Farm |
| 20:15 | Build | Farm |
| 20:15 | Build | Farm |
| 20:15 | Build | Farm |
| 20:15 | Build | Farm |
| 20:44 | Create | Mangonel |
| 20:44 | Create | Mangonel |
| 21:15 | Create | Villager (Male) |
| 21:15 | Create | Villager (Male) |
| 21:16 | Create | Villager (Male) |
| 21:21 | Build | Farm |
| 21:21 | Build | Farm |
| 21:21 | Build | Farm |
| 21:21 | Build | Farm |
| 21:22 | Build | Farm |
| 21:22 | Build | Farm |
| 21:22 | Build | Farm |
| 21:55 | Build | House |
| 21:56 | Build | House |
| 21:57 | Build | House |
| 21:58 | Build | House |
| 21:59 | Build | House |
| 22:01 | Build | House |
| 22:06 | Create | Villager (Male) |
| 22:07 | Create | Villager (Male) |
| 22:07 | Create | Villager (Male) |
| 22:20 | Research | Bow Saw |
| 22:40 | Research | Redemption |
| 23:42 | Create | Villager (Male) |
| 23:42 | Create | Villager (Male) |
| 23:42 | Create | Villager (Male) |
| 23:43 | Create | Villager (Male) |
| 23:43 | Create | Villager (Male) |
| 23:44 | Create | Villager (Male) |
| 23:44 | Create | Villager (Male) |
| 23:52 | Build | Town Center |
| 24:02 | Create | Villager (Male) |
| 24:03 | Create | Villager (Male) |
| 24:08 | Build | Barracks |
| 24:09 | Build | Barracks |
| 24:14 | Research | Scale Mail Armor |
| 24:46 | Research | Hand Cart |
| 24:58 | Research | Pikeman (upgrade) |
| 25:07 | Build | Monastery |
| 25:08 | Build | Monastery |
| 25:28 | Create | Spearman |
| 25:31 | Create | Spearman |
| 25:31 | Create | Spearman |
| 25:39 | Research | Forging |
| 25:41 | Create | Villager (Male) |
| 25:41 | Create | Villager (Male) |
| 25:47 | Build | Farm |
| 25:48 | Build | Farm |
| 25:48 | Build | Farm |
| 25:48 | Build | Farm |
| 25:48 | Build | Farm |
| 25:48 | Build | Farm |
| 25:56 | Create | Villager (Male) |
| 25:56 | Create | Villager (Male) |
| 25:57 | Create | Villager (Male) |
| 26:04 | Create | Monk |
| 26:05 | Create | Monk |
Build order — Froztyfeet
First 150 of 332 actions detected
| 0:02 | Create | Villager (Male) |
| 0:04 | Build | House |
| 0:14 | Create | Villager (Male) |
| 0:14 | Create | Villager (Male) |
| 0:14 | Create | Villager (Male) |
| 1:25 | Create | Villager (Male) |
| 1:34 | Build | House |
| 2:00 | Create | Villager (Male) |
| 2:00 | Create | Villager (Male) |
| 2:16 | Create | Villager (Male) |
| 2:19 | Build | House |
| 2:58 | Create | Villager (Male) |
| 3:07 | Build | Lumber Camp |
| 3:09 | Create | Villager (Male) |
| 3:22 | Create | Villager (Male) |
| 3:42 | Create | Villager (Male) |
| 4:37 | Create | Villager (Male) |
| 4:37 | Create | Villager (Male) |
| 4:48 | Create | Villager (Male) |
| 5:33 | Create | Villager (Male) |
| 5:43 | Build | Mill |
| 5:55 | Create | Villager (Male) |
| 6:11 | Create | Villager (Male) |
| 6:15 | Build | House |
| 6:20 | Create | Villager (Male) |
| 6:47 | Create | Villager (Male) |
| 6:58 | Create | Villager (Male) |
| 7:11 | Create | Villager (Male) |
| 7:29 | Create | Villager (Male) |
| 7:59 | Build | House |
| 8:10 | Create | Villager (Male) |
| 9:16 | Research | Feudal Age |
| 10:04 | Build | Farm |
| 10:04 | Build | Farm |
| 10:04 | Build | Farm |
| 10:05 | Build | Farm |
| 10:05 | Build | Farm |
| 10:05 | Build | Farm |
| 10:05 | Build | Farm |
| 10:06 | Build | Farm |
| 10:06 | Build | Farm |
| 10:06 | Build | Farm |
| 11:08 | Create | Villager (Male) |
| 11:27 | Build | House |
| 11:49 | Age | Feudal Age |
| 11:55 | Build | Blacksmith |
| 12:02 | Build | Market |
| 12:05 | Create | Villager (Male) |
| 12:19 | Create | Villager (Male) |
| 12:26 | Research | Double-Bit Axe |
| 12:36 | Create | Villager (Male) |
| 12:44 | Build | Mining Camp |
| 12:48 | Research | Castle Age |
| 13:12 | Research | Horse Collar |
| 13:32 | Build | Outpost |
| 13:56 | Build | Mining Camp |
| 14:48 | Build | Outpost |
| 15:04 | Build | Outpost |
| 15:44 | Age | Castle Age |
| 15:50 | Create | Villager (Male) |
| 15:50 | Create | Villager (Male) |
| 15:54 | Research | Bow Saw |
| 16:26 | Build | Castle |
| 16:29 | Create | Villager (Male) |
| 16:36 | Build | House |
| 16:42 | Create | Villager (Male) |
| 17:12 | Create | Villager (Male) |
| 17:34 | Research | Gold Mining |
| 18:04 | Create | Villager (Male) |
| 18:06 | Create | Villager (Male) |
| 18:16 | Build | Siege Workshop |
| 18:17 | Create | Villager (Male) |
| 18:27 | Build | Barracks |
| 18:28 | Create | Villager (Male) |
| 18:33 | Build | Farm |
| 18:35 | Build | Farm |
| 19:08 | Build | Town Center |
| 19:09 | Create | Villager (Male) |
| 19:15 | Create | Shotel Warrior |
| 19:15 | Create | Shotel Warrior |
| 19:16 | Create | Shotel Warrior |
| 19:16 | Create | Shotel Warrior |
| 19:22 | Research | Scale Mail Armor |
| 19:32 | Create | Villager (Male) |
| 19:43 | Build | Farm |
| 19:50 | Create | Villager (Male) |
| 19:55 | Create | Villager (Male) |
| 19:55 | Create | Villager (Male) |
| 19:59 | Create | Battering Ram |
| 20:02 | Create | Shotel Warrior |
| 20:02 | Create | Shotel Warrior |
| 20:21 | Create | Villager (Male) |
| 20:24 | Build | Farm |
| 20:29 | Create | Battering Ram |
| 20:38 | Create | Villager (Male) |
| 20:45 | Create | Battering Ram |
| 20:50 | Build | Farm |
| 20:51 | Create | Villager (Male) |
| 20:57 | Create | Villager (Male) |
| 21:04 | Build | Farm |
| 21:06 | Create | Shotel Warrior |
| 21:06 | Create | Shotel Warrior |
| 21:13 | Build | Farm |
| 21:14 | Create | Battering Ram |
| 21:25 | Build | Farm |
| 21:30 | Build | Farm |
| 21:35 | Build | Farm |
| 21:36 | Create | Shotel Warrior |
| 21:37 | Create | Shotel Warrior |
| 21:46 | Build | Farm |
| 21:49 | Build | Farm |
| 21:52 | Create | Shotel Warrior |
| 21:53 | Create | Shotel Warrior |
| 21:53 | Create | Shotel Warrior |
| 21:54 | Create | Shotel Warrior |
| 22:11 | Build | House |
| 22:13 | Create | Villager (Male) |
| 22:23 | Create | Battering Ram |
| 22:28 | Build | Farm |
| 22:33 | Build | Farm |
| 22:36 | Create | Shotel Warrior |
| 22:36 | Create | Shotel Warrior |
| 22:45 | Build | House |
| 22:47 | Create | Shotel Warrior |
| 22:53 | Create | Battering Ram |
| 22:54 | Create | Villager (Male) |
| 22:56 | Create | Villager (Male) |
| 23:35 | Research | Fletching |
| 23:37 | Create | Shotel Warrior |
| 23:37 | Create | Shotel Warrior |
| 23:37 | Create | Shotel Warrior |
| 23:49 | Research | Loom |
| 24:15 | Build | House |
| 25:09 | Create | Scorpion |
| 25:10 | Create | Scorpion |
| 25:55 | Create | Scorpion |
| 27:22 | Create | Villager (Male) |
| 27:30 | Create | Scorpion |
| 28:04 | Build | Farm |
| 28:05 | Build | Farm |
| 28:05 | Build | Farm |
| 28:37 | Create | Villager (Male) |
| 28:42 | Create | Villager (Male) |
| 28:45 | Build | Farm |
| 28:59 | Build | Farm |
| 29:08 | Create | Villager (Male) |
| 29:08 | Create | Villager (Male) |
| 29:10 | Create | Villager (Male) |
| 29:10 | Create | Villager (Male) |
| 29:21 | Build | Lumber Camp |
Build order — BLEP
First 150 of 365 actions detected
| 0:00 | Create | Villager (Male) |
| 0:01 | Create | Villager (Male) |
| 0:01 | Create | Villager (Male) |
| 0:01 | Create | Villager (Male) |
| 0:02 | Create | Villager (Male) |
| 0:02 | Build | House |
| 0:04 | Build | House |
| 1:11 | Create | Villager (Male) |
| 1:11 | Create | Villager (Male) |
| 1:36 | Create | Villager (Male) |
| 1:53 | Build | Settlement |
| 2:31 | Create | Villager (Male) |
| 2:32 | Create | Villager (Male) |
| 2:50 | Create | Villager (Male) |
| 2:50 | Create | Villager (Male) |
| 3:49 | Create | Villager (Male) |
| 3:49 | Create | Villager (Male) |
| 4:04 | Build | Settlement |
| 4:11 | Create | Villager (Male) |
| 4:11 | Create | Villager (Male) |
| 4:59 | Create | Villager (Male) |
| 4:59 | Create | Villager (Male) |
| 5:16 | Create | Villager (Male) |
| 5:16 | Create | Villager (Male) |
| 6:40 | Create | Villager (Male) |
| 7:04 | Create | Villager (Male) |
| 7:04 | Create | Villager (Male) |
| 7:55 | Create | Villager (Male) |
| 8:05 | Build | Settlement |
| 8:20 | Research | Feudal Age |
| 8:28 | Build | Farm |
| 8:32 | Build | Farm |
| 9:41 | Create | Villager (Male) |
| 9:41 | Create | Villager (Male) |
| 10:34 | Age | Feudal Age |
| 10:36 | Build | Market |
| 10:43 | Build | Blacksmith |
| 11:25 | Research | Castle Age |
| 11:27 | Research | Double-Bit Axe |
| 12:38 | Research | Horse Collar |
| 13:02 | Research | Fletching |
| 13:23 | Create | Villager (Male) |
| 13:23 | Create | Villager (Male) |
| 13:34 | Build | House |
| 14:05 | Age | Castle Age |
| 14:09 | Build | Castle |
| 14:24 | Build | Farm |
| 14:28 | Research | Bow Saw |
| 14:28 | Research | Bow Saw |
| 14:32 | Build | Farm |
| 14:35 | Build | Farm |
| 14:37 | Build | Farm |
| 15:00 | Build | Farm |
| 15:05 | Create | Villager (Male) |
| 15:05 | Create | Villager (Male) |
| 15:10 | Build | Farm |
| 15:10 | Build | Farm |
| 15:12 | Build | Farm |
| 15:33 | Create | Unit 2579 |
| 15:36 | Create | Villager (Male) |
| 15:58 | Create | Unit 2579 |
| 16:01 | Create | Villager (Male) |
| 16:07 | Build | Farm |
| 16:24 | Create | Villager (Male) |
| 16:29 | Build | Farm |
| 16:36 | Create | Unit 2579 |
| 16:36 | Create | Unit 2579 |
| 16:43 | Create | Petard |
| 16:53 | Create | Villager (Male) |
| 17:12 | Research | Loom |
| 17:16 | Create | Petard |
| 17:20 | Create | Villager (Male) |
| 17:31 | Build | Farm |
| 17:31 | Build | Farm |
| 17:46 | Create | Unit 2579 |
| 18:00 | Create | Villager (Male) |
| 18:04 | Create | Unit 2579 |
| 18:08 | Build | Farm |
| 18:18 | Create | Unit 2579 |
| 18:26 | Research | Bodkin Arrow |
| 18:35 | Create | Villager (Male) |
| 18:37 | Create | Unit 2579 |
| 18:52 | Create | Villager (Male) |
| 18:57 | Build | Farm |
| 18:59 | Create | Unit 2579 |
| 19:15 | Create | Unit 2579 |
| 19:28 | Create | Villager (Male) |
| 19:35 | Create | Unit 2579 |
| 19:45 | Create | Villager (Male) |
| 19:46 | Create | Unit 2579 |
| 19:59 | Build | Settlement |
| 20:14 | Create | Petard |
| 20:14 | Create | Petard |
| 20:17 | Create | Villager (Male) |
| 20:45 | Create | Villager (Male) |
| 20:59 | Build | Town Center |
| 21:08 | Create | Villager (Male) |
| 21:09 | Create | Petard |
| 21:23 | Create | Unit 2579 |
| 21:24 | Create | Villager (Male) |
| 21:50 | Create | Villager (Male) |
| 21:51 | Create | Villager (Male) |
| 21:53 | Research | Wheelbarrow |
| 22:52 | Create | Villager (Male) |
| 22:52 | Create | Villager (Male) |
| 22:53 | Create | Villager (Male) |
| 23:01 | Create | Unit 2579 |
| 23:01 | Create | Unit 2579 |
| 23:14 | Build | University |
| 23:37 | Create | Villager (Male) |
| 23:52 | Build | Farm |
| 23:52 | Build | Farm |
| 23:57 | Build | Town Center |
| 24:21 | Create | Villager (Male) |
| 24:21 | Create | Villager (Male) |
| 24:22 | Research | Hand Cart |
| 24:34 | Create | Villager (Male) |
| 24:35 | Create | Villager (Male) |
| 24:48 | Research | Heavy Plow |
| 24:49 | Research | Gold Mining |
| 24:50 | Create | Unit 2579 |
| 24:50 | Create | Unit 2579 |
| 24:51 | Create | Unit 2579 |
| 25:01 | Research | Ballistics |
| 25:31 | Create | Villager (Male) |
| 25:32 | Create | Villager (Male) |
| 25:47 | Build | Siege Workshop |
| 25:59 | Create | Unit 2579 |
| 25:59 | Create | Unit 2579 |
| 26:04 | Build | Gate |
| 26:09 | Create | Villager (Male) |
| 26:10 | Create | Villager (Male) |
| 26:21 | Create | Villager (Male) |
| 26:22 | Create | Villager (Male) |
| 26:22 | Create | Villager (Male) |
| 26:24 | Create | Unit 2579 |
| 26:24 | Create | Unit 2579 |
| 26:45 | Create | Mangonel |
| 26:48 | Create | Villager (Male) |
| 26:48 | Create | Villager (Male) |
| 27:01 | Create | Villager (Male) |
| 27:01 | Create | Villager (Male) |
| 27:11 | Build | House |
| 27:12 | Build | House |
| 27:12 | Build | House |
| 27:12 | Build | House |
| 27:12 | Build | House |
| 27:33 | Create | Villager (Male) |
| 27:33 | Create | Villager (Male) |
| 27:35 | Build | Settlement |
Build order — [ GG ] BetodoBrasil
First 150 of 550 actions detected
| 0:00 | Create | Villager (Male) |
| 0:01 | Create | Villager (Male) |
| 0:02 | Build | House |
| 0:04 | Build | House |
| 0:10 | Create | Villager (Male) |
| 0:28 | Create | Villager (Male) |
| 0:28 | Create | Villager (Male) |
| 1:34 | Create | Villager (Male) |
| 1:34 | Create | Villager (Male) |
| 2:08 | Create | Villager (Male) |
| 2:08 | Create | Villager (Male) |
| 2:09 | Create | Villager (Male) |
| 2:10 | Create | Villager (Male) |
| 2:16 | Build | Lumber Camp |
| 2:47 | Create | Villager (Male) |
| 2:47 | Create | Villager (Male) |
| 2:56 | Create | Villager (Male) |
| 2:56 | Create | Villager (Male) |
| 2:56 | Create | Villager (Male) |
| 3:33 | Build | House |
| 3:44 | Create | Villager (Male) |
| 3:45 | Create | Villager (Male) |
| 3:46 | Create | Villager (Male) |
| 3:55 | Build | House |
| 4:24 | Build | House |
| 4:58 | Create | Villager (Male) |
| 4:58 | Create | Villager (Male) |
| 4:58 | Create | Villager (Male) |
| 4:58 | Create | Villager (Male) |
| 4:59 | Create | Villager (Male) |
| 5:38 | Create | Villager (Male) |
| 6:02 | Build | Mill |
| 6:05 | Create | Villager (Male) |
| 6:19 | Create | Villager (Male) |
| 7:14 | Create | Villager (Male) |
| 7:42 | Build | Mining Camp |
| 7:49 | Research | Feudal Age |
| 8:21 | Create | Villager (Male) |
| 8:22 | Create | Villager (Male) |
| 10:08 | Age | Feudal Age |
| 10:12 | Build | Market |
| 10:15 | Build | Blacksmith |
| 10:19 | Research | Loom |
| 10:45 | Build | House |
| 11:15 | Research | Castle Age |
| 11:16 | Research | Castle Age |
| 11:41 | Research | Horse Collar |
| 11:45 | Build | Farm |
| 11:48 | Build | Farm |
| 11:51 | Build | Farm |
| 12:22 | Research | Double-Bit Axe |
| 12:22 | Research | Double-Bit Axe |
| 12:22 | Research | Double-Bit Axe |
| 12:27 | Build | Mining Camp |
| 13:15 | Create | Villager (Male) |
| 14:03 | Age | Castle Age |
| 14:05 | Build | Siege Workshop |
| 14:09 | Build | Town Center |
| 14:23 | Create | Villager (Male) |
| 14:38 | Build | House |
| 14:50 | Create | Scorpion |
| 14:51 | Create | Villager (Male) |
| 14:55 | Build | Farm |
| 15:11 | Create | Scorpion |
| 15:12 | Create | Villager (Male) |
| 15:26 | Build | Farm |
| 15:30 | Create | Villager (Male) |
| 15:37 | Create | Villager (Male) |
| 15:37 | Create | Villager (Male) |
| 15:37 | Create | Villager (Male) |
| 15:37 | Create | Villager (Male) |
| 15:44 | Build | Farm |
| 15:49 | Build | Farm |
| 15:57 | Create | Scorpion |
| 16:06 | Build | Farm |
| 16:07 | Create | Villager (Male) |
| 16:07 | Create | Villager (Male) |
| 16:26 | Create | Villager (Male) |
| 16:26 | Create | Villager (Male) |
| 16:38 | Create | Villager (Male) |
| 16:38 | Create | Villager (Male) |
| 16:39 | Create | Villager (Male) |
| 16:42 | Build | Farm |
| 16:55 | Build | Monastery |
| 17:12 | Create | Villager (Male) |
| 17:12 | Create | Villager (Male) |
| 17:12 | Create | Villager (Male) |
| 17:13 | Create | Villager (Male) |
| 17:33 | Build | Barracks |
| 17:36 | Create | Villager (Male) |
| 17:36 | Create | Villager (Male) |
| 17:56 | Build | Farm |
| 18:01 | Create | Villager (Male) |
| 18:01 | Create | Villager (Male) |
| 18:09 | Build | House |
| 18:10 | Build | House |
| 18:12 | Create | Scorpion |
| 18:13 | Create | Villager (Male) |
| 18:14 | Create | Villager (Male) |
| 18:14 | Create | Villager (Male) |
| 18:29 | Create | Mangonel |
| 18:36 | Create | Villager (Male) |
| 18:37 | Create | Villager (Male) |
| 18:37 | Create | Villager (Male) |
| 18:37 | Create | Villager (Male) |
| 18:38 | Create | Villager (Male) |
| 18:44 | Build | Stable |
| 18:48 | Create | Villager (Male) |
| 18:48 | Create | Villager (Male) |
| 18:53 | Build | Farm |
| 18:53 | Build | Farm |
| 19:00 | Build | House |
| 19:02 | Build | House |
| 19:05 | Build | House |
| 19:19 | Create | Mangonel |
| 19:23 | Create | Villager (Male) |
| 19:23 | Create | Villager (Male) |
| 19:37 | Create | Scout Cavalry |
| 19:53 | Create | Scorpion |
| 20:11 | Create | Scorpion |
| 20:12 | Create | Scout Cavalry |
| 20:15 | Create | Villager (Male) |
| 20:15 | Create | Villager (Male) |
| 20:36 | Build | House |
| 20:46 | Create | Villager (Male) |
| 20:46 | Create | Villager (Male) |
| 21:12 | Create | Scout Cavalry |
| 21:18 | Create | Villager (Male) |
| 21:26 | Build | Town Center |
| 21:44 | Create | Scout Cavalry |
| 21:50 | Build | House |
| 21:51 | Create | Villager (Male) |
| 21:52 | Create | Villager (Male) |
| 21:52 | Create | Villager (Male) |
| 22:03 | Build | Castle |
| 22:09 | Create | Scorpion |
| 22:24 | Create | Villager (Male) |
| 22:24 | Create | Villager (Male) |
| 22:34 | Create | Villager (Male) |
| 22:37 | Build | Farm |
| 22:38 | Build | Farm |
| 22:38 | Build | Farm |
| 22:38 | Build | Farm |
| 22:38 | Build | Farm |
| 22:38 | Build | Farm |
| 22:38 | Build | Farm |
| 22:39 | Build | Farm |
| 22:43 | Build | Farm |
| 22:51 | Research | Fletching |
| 23:41 | Create | Villager (Male) |
Match timeline
| 10:07 | Htznddl.stoneplease · age_up feudal |
| 10:08 | [ GG ] BetodoBrasil · age_up feudal |
| 10:34 | BLEP · age_up feudal |
| 11:10 | Htznddl.stoneplease · first_market_sell 100 stone |
| 11:14 | Htznddl.stoneplease · first_market_buy 100 food |
| 11:49 | Froztyfeet · age_up feudal |
| 14:03 | [ GG ] BetodoBrasil · age_up castle |
| 14:05 | [ GG ] BetodoBrasil · first_building Siege Workshop |
| 14:05 | BLEP · age_up castle |
| 14:06 | Htznddl.stoneplease · age_up castle |
| 14:09 | BLEP · first_building Castle |
| 14:10 | Htznddl.stoneplease · first_building Monastery |
| 14:49 | Htznddl.stoneplease · first_building Siege Workshop |
| 15:44 | Froztyfeet · age_up castle |
| 16:26 | Froztyfeet · first_building Castle |
| 16:55 | [ GG ] BetodoBrasil · first_building Monastery |
| 17:33 | [ GG ] BetodoBrasil · first_building Barracks |
| 18:16 | Froztyfeet · first_building Siege Workshop |
| 18:27 | Froztyfeet · first_building Barracks |
| 18:44 | [ GG ] BetodoBrasil · first_building Stable |
| 20:48 | BLEP · first_market_buy 100 wood |
| 22:03 | [ GG ] BetodoBrasil · first_building Castle |
| 24:08 | Htznddl.stoneplease · first_building Barracks |
| 25:03 | Froztyfeet · first_market_sell 100 stone |
| 25:47 | BLEP · first_building Siege Workshop |
| 27:39 | BLEP · first_building Barracks |
| 28:12 | BLEP · first_building Archery Range |
| 30:25 | [ GG ] BetodoBrasil · first_market_sell 100 wood |
| 32:02 | BLEP · first_market_sell 100 wood |
| 33:36 | [ GG ] BetodoBrasil · age_up imperial |
| 33:52 | Htznddl.stoneplease · age_up imperial |
| 35:37 | BLEP · age_up imperial |
| 36:19 | Froztyfeet · first_building Archery Range |
| 40:55 | Froztyfeet · age_up imperial |
| 41:41 | Htznddl.stoneplease · first_building Castle |
| 44:21 | [ GG ] BetodoBrasil · first_market_buy 100 wood |
| 47:32 | Htznddl.stoneplease · wall_segment Palisade Wall x1 |
| 47:57 | [ GG ] BetodoBrasil · tribute_sent a jugador 1 |
| 47:57 | [ GG ] BetodoBrasil · tribute_sent a jugador 2 |
| 47:57 | [ GG ] BetodoBrasil · tribute_sent a jugador 3 |
| 49:24 | Htznddl.stoneplease · resign |
[ AI ANALYSIS · 1 CREDIT ]
What really happened in this match?
Wolo.gg analyzes every decision: build order, eco, micro, common mistakes by bracket. Personalized analysis on WhatsApp or Discord in 30 seconds.
Civ guide
Bohemians
Perfil
Jugador #6139848